AoeStats
← 十大地方

Nomad

510764358Analyzed
4v4 RM · 8h ago on Oct 2, 2026· 30m 12s· 8 players
Game mode
Random Map
Map size
231×231
Population
200
Speed
Normal
Resources
Standard
Victory
Conquest
Starting age
Dark Age
Ending age
Imperial Age
RankedLock teamsTeams togetherTeam positionsShared explorationLock speedFull tech treeHidden civsTurbo modeCheats
Victory
Defeat
🇺🇸 Dravidians · United States
1763
+11
🇨🇳 Mongols · China
1737
+12
🇨🇭 Persians · Switzerland
1719
+13
🇿🇦 Italians · South Africa
1674
+15
🇨🇱 Khmer · Chile
1727
-15
🇫🇷 Turks · France
1678
-14
🇪🇸 Wei · Spain
1610
-11
🇫🇷 Britons · France
1608
-11
Pielover757
4:49 Loom
13:18 Feudal Age
13:52 Double-Bit Axe
14:21 Town Watch
17:25 Fishing Lines
21:04 Castle Age
19:00 Gold Mining
22:41 Bow Saw
22:33 Fletching
23:35 Medium Warships
25:25 Bodkin Arrow
28:22 Imperial Age
26:23 Padded Archer Armor
Maelgwyn
11:45 Feudal Age
12:42 Loom
15:31 Castle Age
14:25 Double-Bit Axe
14:24 Fishing Lines
15:01 Gold Mining
15:52 Town Watch
16:25 Bow Saw
19:07 Wheelbarrow
20:27 Gillnets
21:08 Horse Collar
23:58 Hand Cart
25:04 Heavy Plow
31:44 Imperial Age
30:06 Scale Barding Armor
30:11 Forging
十大地方
10:46 Loom
13:07 Feudal Age
13:49 Double-Bit Axe
17:11 Castle Age
18:07 Bow Saw
19:28 Gold Mining
19:20 Horse Collar
21:43 Stone Mining
22:37 Bloodlines
23:16 Heavy Plow
24:29 Fletching
25:06 Bodkin Arrow
26:32 Ballistics
Varrus
4:52 Loom
13:06 Feudal Age
13:48 Town Watch
16:45 Castle Age
14:48 Double-Bit Axe
16:04 Gold Mining
16:19 Fletching
16:49 Crossbowman
18:00 Bow Saw
19:34 Fishing Lines
20:30 Bodkin Arrow
21:39 Gillnets
21:57 Town Watch
23:52 Padded Archer Armor
25:37 Ballistics
QNA | Apachai Hopachai
4:43 Loom
13:50 Feudal Age
16:41 Castle Age
14:53 Double-Bit Axe
Raspadori
5:50 Loom
14:31 Feudal Age
15:13 Town Watch
18:09 Castle Age
18:50 Double-Bit Axe
19:47 Bow Saw
20:18 Horse Collar
21:01 Heavy Plow
27:31 Wheelbarrow
28:13 Fletching
76nateK
3:55 Loom
13:06 Feudal Age
15:50 Scale Mail Armor
15:59 Scale Barding Armor
20:09 Horse Collar
21:00 Bloodlines
23:50 Double-Bit Axe
24:37 Forging
28:06 Castle Age
29:17 Chain Barding Armor
29:26 Husbandry
30:45 Iron Casting
30:35 Bow Saw
Ketan67
5:12 Loom
12:29 Feudal Age
17:59 Castle Age
15:56 Double-Bit Axe
17:06 Stone Mining
17:41 Gold Mining
18:15 Forging
17:58 Fletching
19:49 Bodkin Arrow
23:05 Ballistics
28:45 Padded Archer Armor
Connection lost

Rejoining the realm…

Still unreachable

The connection could not be restored.

Session expired

The server has moved on; the page needs a fresh start.